 Dungeon Crawl Stone Soup version 0.29.1-1-gd02db69 (webtiles) character file.

Game seed: 9859808833033498062

8250 Kel the Severer (level 11, -1/60 HPs)
             Began as a Gargoyle Berserker on Nov 25, 2022.
             Was a High Priest of Trog.
             Shot with an arrow by a centaur (4 damage)
             ... on level 10 of the Dungeon.
             The game lasted 00:17:13 (12736 turns).

Kel the Severer (Gargoyle Berserker)               Turns: 12736, Time: 00:17:13

Health: -1/60      AC: 23    Str: 25    XL:     11   Next: 27%
Magic:  11/11      EV:  7    Int:  8    God:    Trog [*****.]
Gold:   479        SH:  0    Dex: 11    Spells: 10/10 levels left

rFire   . . .      SeeInvis .   O - +4 battleaxe
rCold   . . .      Faith    .   (shield currently unavailable)
rNeg    + . .      Spirit   .   F - +0 plate armour
rPois   ∞          Reflect  .   n - +0 helmet
rElec   +          Harm     .   a - +1 cloak of the Exiled Artists {Dex+2}
rCorr   .          Rampage  .   (no gloves)
Will    +....                   i - +0 pair of boots
Stlth   ..........              (no amulet)
HPRegen 0.20/turn               g - ring of willpower
MPRegen 0.12/turn               Q - +4 ring of slaying

@: on berserk cooldown, slowed, very slow
A: sickness immunity, AC +8, negative energy resistance 1, electricity
resistance, torment resistance 1, petrification resistance
a: Renounce Religion, Berserk, Trog's Hand, Brothers in Arms


You were on level 10 of the Dungeon.
You worshipped Trog.
Trog was extremely pleased with you.
You visited 1 branch of the dungeon, and saw 10 of its levels.
You also visited: Sewer.

You collected 479 gold pieces.

Inventory:

Hand Weapons
 G - a +2 war axe of flaming
 I - a +5 war axe
 O - a +4 battleaxe (weapon)
Missiles
 E - 2 throwing nets (quivered)
Armour
 a - the +1 cloak of the Exiled Artists (worn) {Dex+2}
   (You found it on level 4 of the Dungeon)

   Dex:       It affects your dexterity (+2).
 i - a +0 pair of boots (worn)
 n - a +0 helmet (worn)
 D - a +0 buckler
 F - a +0 plate armour (worn)
Jewellery
 g - a ring of willpower (left hand)
 J - an amulet of faith
 Q - a +4 ring of slaying (right hand)
Wands
 u - a wand of polymorph (12)
 A - a wand of paralysis (13)
 C - a wand of flame (17)
 N - a wand of digging (6)
 P - a wand of quicksilver (1)
Scrolls
 e - 4 scrolls of enchant weapon
 f - a scroll of poison
 m - a scroll of amnesia {unknown}
 p - a scroll of summoning {unknown}
 q - a scroll of brand weapon
 t - 4 scrolls of teleportation {unknown}
 w - a scroll of acquirement {unknown}
 x - 2 scrolls of blinking {unknown}
 z - 8 scrolls of identify
 B - a scroll of immolation {unknown}
 K - a scroll of enchant armour {unknown}
Potions
 b - 2 potions of attraction {unknown}
 c - 5 potions of flight {unknown}
 d - a potion of brilliance {unknown}
 h - 3 potions of curing {unknown}
 j - a potion of invisibility {unknown}
 k - 2 potions of magic {unknown}
 l - 2 potions of cancellation {unknown}
 o - a potion of haste {unknown}
 r - 3 potions of heal wounds
 s - 2 potions of mutation {unknown}
 v - a potion of resistance {unknown}
 H - 2 potions of degeneration {unknown}
 L - a potion of might {unknown}
 M - a potion of ambrosia {unknown}


   Skills:
 - Level 3.2 Fighting
 + Level 15.7 Axes
 - Level 2.1 Armour
 - Level 1.5 Dodging


You had 10 spell levels left.
You didn't know any spells.
Your spell library was empty.

Dungeon Overview and Level Annotations

Branches:
Dungeon (10/15)            Temple (0/1) D:7             Orc (0/2) D:9
  Sewer (visited)
   Lair: D:8-11

Altars:
Ashenzari
Dithmenos
Elyvilon
Hepliaklqana
Qazlal
Uskayaw
Xom

Shops:
D:7 [

Portals:
Bailey: D:10


Innate Abilities, Weirdness & Mutations

You are immune to sickness and miasma.
Your stone body is resilient. (AC +8)
You are immune to poison.
You resist negative energy. (rN+)
You are resistant to electric shocks. (rElec)
You are resistant to unholy torment.
You are immune to petrification.


Message History

* * * LOW HITPOINT WARNING * * *
The orc warrior burns you.
* * * LOW HITPOINT WARNING * * *
Things that are here:
a +0 dagger; a +0 robe You completely miss the orc warrior.
You slash the orc wizard!
You kill the orc wizard!
Trog accepts your kill.
Trog appreciates your killing of a magic user.
The orc priest calls down the wrath of Beogh upon you.
You easily resist.
The centaur wields a +0 shortbow.
The centaur shoots an arrow.
The arrow hits you but does no damage.
You barely miss the orc warrior.
You are no longer berserk.
You are exhausted.
You feel yourself slow down.
The orc warrior hits you but does no damage.
You slash the orc warrior!
The orc warrior is heavily wounded.
You hit the orc priest.
The centaur shoots an arrow.
The arrow barely misses you.
The arrow hits the orc warrior!
The orc warrior dies!
An orc comes into view. It is wielding a +0 short sword.
The orc priest calls down the wrath of Beogh upon you.
Beogh smites you!
* * * LOW HITPOINT WARNING * * *
The orc priest barely misses you.
You slash the orc priest!
The orc priest is almost dead.
You hit the orc priest. The orc priest barely misses you.
The orc priest hits you but does no damage.
The orc priest casts a cantrip, but nothing happens.
You slice the orc priest!!
You kill the orc priest!
Trog accepts your kill.
You slice the orc priest!!
You kill the orc priest!
Trog accepts your kill.
The centaur shoots an arrow.
The arrow hits you.
You die...

.~~.........
.~~........#
...........
..........
....... ..
..c. #.. ##)##
##.##)@)#
#.....).##
#o≈≈≈≈≈))+
#.≈...≈)##
#.≈.∩.((#
..#o≈.>.≈(# #
....≈≈≈≈≈?#
..#
>#.......#.$.#
#####<....#


You could see a centaur and 2 orcs.

Vanquished Creatures
  The ghost of OSAMASBALLS the Cleaver, a journeyman DsFi of Cheibriados (D:9)
  A dancing weapon (D:9)
  2 two-headed ogres
  Pikel (D:7)
  Maurice (D:8)
  A troll (D:9)
  A wyvern (D:9)
  4 yaks (D:8)
  A steam dragon (D:8)
  An acid dragon (D:8)
  3 water moccasins
  2 orc warriors
  An ice beast (D:7)
  2 black bears
  2 centaurs
  A kobold brigand (D:7)
  A phantom (D:6)
  4 bullfrogs
  2 gnoll sergeants
  A scorpion (D:6)
  17 wights
  12 killer bees
  A howler monkey (D:6)
  3 hounds
  Crazy Yiuf (D:2)
  5 orc priests
  2 iguanas
  Terence (D:2)
  11 orc wizards
  15 gnolls
  10 adders
  A river rat (Sewer)
  6 worms
  4 dart slugs
  21 orcs
  19 ball pythons
  4 bats
  15 endoplasms
  4 giant cockroaches
  15 goblins
  5 hobgoblins
  8 jackals
  13 kobolds
  3 quokkas
  3 frilled lizards
  13 rats
245 creatures vanquished.

Vanquished Creatures (others)
  An orc warrior (D:10)
  An orc (D:8)
  7 toadstools (D:1)
9 creatures vanquished.

Grand Total: 254 creatures vanquished

Notes
Turn   | Place    | Note
-------+----------+-------------------------------------------
     0 | D:1      | Kel the Gargoyle Berserker began the quest for the Orb.
     0 | D:1      | Reached XP level 1. HP: 14/14 MP: 1/1
    86 | D:1      | Reached skill level 3 in Axes
    90 | D:1      | Reached XP level 2. HP: 3/19 MP: 2/2
   804 | D:1      | Reached XP level 3. HP: 10/23 MP: 3/3
  1060 | D:1      | Found a faded altar of an unknown god.
  1577 | D:2      | Reached skill level 4 in Axes
  1586 | D:2      | Reached ** piety under Trog
  2105 | D:2      | Reached XP level 4. HP: 26/28 MP: 4/4
  2551 | D:2      | Noticed Terence
  2564 | D:2      | Killed Terence
  2674 | D:2      | Found a runed translucent door.
  2675 | D:2      | Noticed Crazy Yiuf
  2755 | D:2      | Killed Crazy Yiuf
  2756 | D:2      | Reached skill level 5 in Axes
  2756 | D:2      | Reached XP level 5. HP: 32/32 MP: 5/5
  3060 | D:3      | Found a broken altar of Ashenzari.
  3064 | D:3      | Saw a vision of the Shoals and the Snake Pit.
  3064 | D:3      | Noticed a naga sharpshooter
  3064 | D:3      | Noticed a naga sharpshooter
  3064 | D:3      | Noticed a merfolk
  3064 | D:3      | Noticed a snapping turtle
  3064 | D:3      | Noticed a merfolk
  3064 | D:3      | Noticed a merfolk avatar
  3064 | D:3      | Noticed a merfolk siren
  3064 | D:3      | Noticed a manticore
  3064 | D:3      | Noticed a snapping turtle
  3065 | D:3      | Noticed a naga
  3065 | D:3      | Noticed a naga sharpshooter
  3065 | D:3      | Noticed a naga sharpshooter
  3065 | D:3      | Noticed a merfolk avatar
  3066 | D:3      | Noticed a mana viper
  3601 | D:3      | Found a hide-covered altar of Uskayaw.
  3684 | D:4      | Identified the +1 cloak of the Exiled Artists {Dex+2}
  3818 | D:4      | Found a glowing drain.
  3834 | Sewer    | Entered a sewer
  4328 | Sewer    | Reached XP level 6. HP: 30/37 MP: 6/6
  4436 | Sewer    | Reached *** piety under Trog
  4437 | Sewer    | Reached skill level 6 in Axes
  4830 | D:4      | Found a hazy altar of Hepliaklqana.
  4830 | D:4      | Found a shadowy altar of Dithmenos.
  4830 | D:4      | Found a white marble altar of Elyvilon.
  5441 | D:5      | Entered Level 5 of the Dungeon
  5733 | D:6      | Reached skill level 7 in Axes
  5733 | D:6      | Reached XP level 7. HP: 3/41 MP: 7/7
  5959 | D:6      | Found a stormy altar of Qazlal.
  5961 | D:6      | Noticed a fire elemental
  5963 | D:6      | Noticed an air elemental
  5963 | D:6      | Noticed a water elemental
  6217 | D:6      | Reached skill level 8 in Axes
  6573 | D:6      | Reached XP level 8. HP: 46/46 MP: 8/8
  6678 | D:6      | Reached skill level 9 in Axes
  7915 | D:7      | Noticed Pikel
  7926 | D:7      | Reached skill level 10 in Axes
  7929 | D:7      | Killed Pikel
  7930 | D:7      | Reached skill level 11 in Axes
  7930 | D:7      | Reached XP level 9. HP: 51/51 MP: 9/9
  8017 | D:7      | Found Enuhue's Antique Armour Shop.
  8269 | D:7      | Found a staircase to the Ecumenical Temple.
  8344 | D:7      | Reached **** piety under Trog
  8345 | D:7      | HP: 2/76 [wight/+5 halberd (10)]
  8348 | D:7      | Reached skill level 12 in Axes
  9269 | D:8      | Noticed Maurice
  9281 | D:8      | Killed Maurice
  9282 | D:8      | Reached XP level 10. HP: 54/56 MP: 10/10
  9326 | D:8      | Reached skill level 13 in Axes
 10086 | D:8      | Noticed a two-headed ogre
 10099 | D:8      | Killed a two-headed ogre
 10701 | D:9      | Reached skill level 14 in Axes
 11508 | D:9      | Reached ***** piety under Trog
 11982 | D:9      | Found a staircase to the Orcish Mines.
 12194 | D:9      | Noticed a two-headed ogre
 12201 | D:9      | Killed a two-headed ogre
 12202 | D:9      | Reached skill level 15 in Axes
 12202 | D:9      | Reached XP level 11. HP: 24/60 MP: 11/11
 12383 | D:9      | Found a runed translucent door.
 12383 | D:9      | Found a shimmering altar of Xom.
 12383 | D:9      | Noticed OSAMASBALLS's ghost (journeyman DsFi)
 12383 | D:9      | Noticed a +0 rapier of chaos
 12395 | D:9      | Killed a +0 rapier of chaos
 12408 | D:9      | Killed OSAMASBALLS's ghost
 12697 | D:10     | Entered Level 10 of the Dungeon
 12697 | D:10     | Found a flagged portal.
 12734 | D:10     | HP: 3/60 [orc priest/divine providence (11)]
 12736 | D:10     | Shot with an arrow by a centaur

Illustrated notes

Levels and vault maps discovered:
D:1:      nagdon_arrival_zigzag_paths, layout_loops_ring,
          chequers_ecumenical_altar_simple, dk_noncrumbling_4, minmay_tromino_i4
D:2:      layout_rooms, uniq_crazy_yiuf_cottage, uniq_terence
D:3:      layout_loops_cross, mainiacjoe_overflow_boulevard,
          grunt_ashenzari_visionary [grunt_ashenzari_visionary_shoals,
          grunt_ashenzari_visionary_snake], minmay_fractal_squares_5
D:4:      minmay_evil_eye, layout_cave_pods,
          gammafunk_temple_overflow_forgotten, cheibrodos_sewer_entry_bend
D:5:      layout_basic, mainiacjoe_overflow_catwalk, kennysheep_generic_room_7
D:6:      layout_loops_ring, nicolae_qazlal_style_of_elements,
          due_unseen_surprise
D:7:      layout_basic, minmay_temple_entry_drinking_statues, serial_shops,
          nicolae_shop_behind_doors, minmay_misc_feat_chi, uniq_pikel
D:8:      layout_loops_corners, serial_rivers, chequers_serial_rivers_room_a,
          chequers_serial_rivers_small_a, chequers_serial_rivers_micro_c,
          chequers_serial_rivers_micro_e, chequers_serial_rivers_room_b,
          uniq_maurice
D:9:      nicolae_cairo_tiling_large_dashed, layout_loops_ring, orc_0_dummy,
          ebering_ghost_xom
D:10:     layout_basic, kennysheep_little_box, serial_shops, shop,
          enter_bailey_5, minmay_pinched_square

Skill      XL: |  1  2  3  4  5  6  7  8  9 10 |
---------------+-------------------------------+-----
Axes           | 3 4 5 7 8 11 12 15 | 15.7
Fighting       | |  3.2
Armour         | |  2.1
Dodging        | |  1.5

Action                   |  1- 3 |  4- 6 |  7- 9 | 10-12 || total
-------------------------+-------+-------+-------+-------++-------
Melee: Hand axe          |   134 |    36 |       |       ||   170
       Punch             |     1 |     3 |       |       ||     4
       War axe           |       |   213 |   221 |   121 ||   555
       Quarterstaff      |       |    42 |       |       ||    42
       Battleaxe         |       |       |       |   100 ||   100
Invok: Berserk           |       |     1 |     7 |     2 ||    10
  Use: Scroll            |       |     4 |       |       ||     4
       Potion            |       |       |     1 |     1 ||     2
 Stab: Sleeping          |     1 |       |       |       ||     1
Armor: Animal skin       |    56 |    11 |       |       ||    67
       Scale mail        |       |   174 |    60 |       ||   234
       Plate armour      |       |       |    86 |   157 ||   243
Dodge: Dodged            |    98 |   168 |    94 |    86 ||   446
Block: Buckler           |       |       |    24 |    10 ||    34
